 Dungeon Crawl Stone Soup version 0.31-a0-366-ga77b45bd9b (webtiles) character file.

Game seed: 3211479634446917319

32 Locuples the Sneak (level 3, -5/32 HPs)
             Began as a Naga Brigand on July 28, 2023.
             Slain by a sleepcap (8 damage)
             ... on level 2 of the Dungeon.
             The game lasted 00:02:07 (1071 turns).

Locuples the Sneak (Naga Brigand)                   Turns: 1071, Time: 00:02:08

Health: -5/32      AC:  3    Str: 13    XL:     3   Next: 27%
Magic:  3/3        EV:  9    Int: 11    God:
Gold:   32         SH:  0    Dex: 14    Spells: 2/2 levels left

rFire   . . .        h - +1 dagger (venom)
rCold   . . .        (no shield)
rNeg    . . .        b - +0 robe
rPois   +            (no helmet)
rElec   .            c - +0 cloak
rCorr   .            (no gloves)
SInv    +            (no barding)
Will    .....        (no amulet)
Stlth   ++++         (no ring)
HPRegen 0.25/turn    (no ring)
MPRegen 0.08/turn

%: no passive effects
@: very slow
A: AC +1, large, see invisible, deformed body, poison resistance, slowness 2,
spit poison 1, naga tail 1
a: Spit Poison


You were on level 2 of the Dungeon.
You visited 1 branch of the dungeon, and saw 2 of its levels.

You collected 32 gold pieces.

Inventory:

Hand Weapons
 h - a +1 dagger of venom (weapon)
Missiles
 d - 9 poisoned darts (quivered)
 e - 3 curare-tipped darts
Armour
 b - a +0 robe (worn)
 c - a +0 cloak (worn)
Jewellery
 a - a +5 ring of evasion
Scrolls
 f - a scroll of identify {unknown}
Potions
 g - a potion of might {unknown}
 i - a potion of enlightenment {unknown}
 j - a potion of lignification {unknown}


   Skills:
 + Level 2.1 Fighting
 + Level 2.2 Short Blades
 - Level 1.7 Throwing
 + Level 0.7 Dodging
 + Level 7.3 Stealth


You had 2 spell levels left.
You didn't know any spells.
Your spell library was empty.

Dungeon Overview and Level Annotations

Branches:
Dungeon (2/15)

Altars:

Shops:
D:1 [

Annotations:
D:1 2 transporters


Innate Abilities, Weirdness & Mutations

Your serpentine skin is tough. (AC +1)
You have supernaturally acute eyesight. (SInv)
Armour fits poorly on your strangely shaped body.
Your system is resistant to poisons. (rPois)
You cover ground very slowly.
You can spit poison.
You have a snake-like lower body.


Message History

The sleepcap is heavily damaged.
The sleepcap releases spores at you.
You are engulfed in a cloud of soporific spores!
You fall asleep.
The sleepcap releases spores at you!
You wake up.
Ouch! That really hurt!
You are engulfed in a cloud of soporific spores!
You are unaffected.
You now have 32 gold pieces (gained 6).
The sleepcap closely misses you.
You have got your breath back.
The sleepcap barely misses you.
You see here a poisoned dart.
d - 9 poisoned darts (gained 1)
A bat comes into view.
The sleepcap releases spores at you.
* * * LOW HITPOINT WARNING * * *
You hit the sleepcap but do no damage.
The sleepcap is severely damaged.
The sleepcap closely misses you.
The ball python hisses angrily.
You hit the sleepcap but do no damage.
The sleepcap is severely damaged.
The sleepcap releases spores at you.
* * * LOW HITPOINT WARNING * * *
You hit the sleepcap.
The sleepcap is severely damaged.
The bat hits you.
* * * LOW HITPOINT WARNING * * *
The sleepcap releases spores at you but does no damage.
You hit the sleepcap.
The sleepcap looks as sick as possible!
The sleepcap is severely damaged.
The bat hits you but does no damage. The bat barely misses you.
The sleepcap releases spores at you.
* * * LOW HITPOINT WARNING * * *
You are engulfed in a cloud of soporific spores!
You fall asleep.
The bat hits you.
You wake up.
* * * LOW HITPOINT WARNING * * *
The bat barely misses you. The sleepcap releases spores at you!
You die...

..... ......
....###......
............
...S......
#.......# #
#.......# #
#.##..b....###
##.#....f@.......
#....##.......###
.......)......#
##.###.†......# #
#........#
..###..#...#.#
.##....##.##.#
#.##.##.†#.# #
#######..##.###...#


You could see a sleepcap (extremely poisoned), a bat and a ball python.

Vanquished Creatures
  An adder (D:2)
  2 ball pythons (D:1)
  2 endoplasms
  3 goblins
  3 hobgoblins
  2 kobolds (D:1)
  2 quokkas (D:1)
  2 bats (D:1)
  A frilled lizard (D:1)
  2 rats
20 creatures vanquished.

Notes
Turn   | Place    | Note
-------+----------+-------------------------------------------
     0 | D:1      | Locuples the Naga Brigand began the quest for the Orb.
     0 | D:1      | Reached XP level 1. HP: 19/19 MP: 1/1
    24 | D:1      | Reached skill level 6 in Stealth
   342 | D:1      | Reached XP level 2. HP: 26/26 MP: 2/2
   432 | D:1      | Found Ofrutyes's Antique Armour Shoppe.
   703 | D:1      | Found a faded altar of an unknown god.
  1020 | D:2      | Reached skill level 7 in Stealth
  1020 | D:2      | Reached XP level 3. HP: 32/32 MP: 3/3
  1071 | D:2      | Slain by a sleepcap

Illustrated notes

Levels and vault maps discovered:
D:1:      spicycebolla_arrival_transporter_tutorial, layout_loops_cross,
          serial_shops, shop, shapermc_ecumenical_altar_mp_urbaneastern,
          serial_co_window_serial, co_window_paths_b, co_window_paths_a,
          co_window_paths_a, co_window_corner_a, co_window_cross_1,
          co_window_corner_a, co_window_of_opportunity_a,
          co_window_of_opportunity_c, co_window_of_opportunity_b,
          co_window_cross_3, co_window_unsneaky_path_c, co_window_paths_e
D:2:      layout_rooms, minmay_close_crescents

Skill      XL: |  1  2 |
---------------+-------+-----
Stealth        | 6 7 |  7.3
Fighting       | |  2.1
Short Blades   | |  2.2
Throwing       | |  1.7
Dodging        | |  0.7

Action                     || total
---------------------------++-------
  Melee: Dagger            ||    33
         Punch             ||     1
  Throw: Dart              ||     3
Ability: Spit Poison       ||    15
   Stab: Sleeping          ||     1
 Armour: Robe              ||     6
  Dodge: Dodged            ||    18

Table legend: (Time is in decaauts)
 A = Elapsed time spent in this place.
 B = Non-inter-level travel time spent in this place.
 C = Inter-level travel time spent in this place.
 D = Time resting spent in this place.
 E = Time spent auto-exploring this place.
 F = Levels seen in this place.
 G = Mean time per level.
                   A        B        C        D        E       F      G
               +--------+--------+--------+--------+--------+-----+--------+
         Total |   1465 |   1416 |     49 |      0 |   1207 |   2 |  732.5 |
       Dungeon |   1465 |   1416 |     49 |      0 |   1207 |   2 |  732.5 |
               +--------+--------+--------+--------+--------+-----+--------+

Top non-repeatable levels by time:
     D:1: 1402 daAuts
     D:2: 63 daAuts
